 Dungeon Crawl Stone Soup version 0.15-a0-2198-g7f377d1 (webtiles) character file.

134 eagla the Skirmisher (level 5, 0/55 HPs)
             Began as an Ogre Berserker on July 23, 2014.
             Was a Believer of Trog.
             Slain by an orc wizard
             ... wielding a +0 dagger
              (3 damage)
             ... on Level 3 of the Dungeon.
             The game lasted 00:24:43 (3003 turns).

eagla the Skirmisher (Ogre Berserker)               Turns: 3003, Time: 00:24:43

HP   0/55        AC  4     Str 23      XL: 5   Next: 17%
MP   5/5         EV 14     Int  6      God: Trog [**....]
Gold 148         SH  0     Dex  9      Spells:  0 memorised,  4 levels left

rFire  . . .     SeeInvis .     m - +0 falchion
rCold  . . .     Clarity  .     b - +1 animal skin
rNeg   . . .     rCorr    .     (shield restricted)
rPois  .         rRot     .     (helmet restricted)
rElec  .         Spirit   .     (no cloak)
SustAb .         Warding  .     (gloves unavailable)
rMut   .         Stasis   .     (boots unavailable)
Gourm  .                        (no amulet)
MR     .....                    (no ring)
                                k - +4 ring of evasion

@: lethally poisoned, slowed, very slow, not resistant to hostile enchantments,
very unstealthy
A: unfitting armour, tough skin 1
a: Burn Spellbooks, Berserk, Trog's Hand, Renounce Religion


You were on level 3 of the Dungeon.
You worshipped Trog.
Trog was pleased with you.
You were not hungry.

You visited 1 branch of the dungeon, and saw 3 of its levels.

You collected 148 gold pieces.

Inventory:

Hand weapons
 a - a +0 mace
 m - a +0 falchion (weapon)
Missiles
 d - 35 stones (quivered)
 p - 12 arrows of frost
Armour
 b - a +1 animal skin (worn)
Comestibles
 c - a meat ration
 f - a beef jerky
 j - 2 bread rations
 s - a slice of pizza
Scrolls
 h - 4 scrolls of remove curse
 l - 2 scrolls of identify {unknown}
Jewellery
 k - a +4 ring of evasion (left hand)
Potions
 e - a potion of flight {unknown}
 g - a potion of haste {unknown}
 i - 3 potions of curing {unknown}
 n - a potion of poison {unknown}
 o - a potion of agility {unknown}
 q - a potion of invisibility {unknown}
 r - a potion of degeneration {unknown}


   Skills:
 + Level 4.6 Fighting
   Level 0.1 Short Blades
 + Level 0.2 Long Blades
 + Level 4.5 Maces & Flails
 + Level 2.8 Throwing
 + Level 3.9 Dodging


You had 4 spell levels left.
You didn't know any spells.

Dungeon Overview and Level Annotations

Branches:
Dungeon (3/15)

Altars:
Cheibriados


Innate Abilities, Weirdness & Mutations

You are too large for most types of armour.
You have tough skin (AC +1).


Message History

You hear a shout!
The orc wizard casts a spell at you. You resist.
The orc moves out of view.
Found 13 gold pieces and a whip.
An orc comes into view. It is wielding a hand axe.
You hit the orc.
The orc is almost dead.
You feel sick. The orc closely misses you. The orc wizard casts a spell at you.
You resist. The orc misses you.
A hobgoblin comes into view. It is wielding a club.
The orc wizard hits you but does no damage.
The orc wizard barely misses you.
An orc comes into view. It is wielding a dagger.
You hit the orc wizard but do no damage.
The orc wizard is moderately wounded.
You feel sick.
The orc wizard is no longer moving quickly.
The orc wizard hits you with a dagger.
You die...

#..%..%..(.......#
#%#####..........#
#.# ####.......#
#.# #.......# #(#
#.......# #.#
#.....!.# #(#
#.......# #o#
#...(...# #@#
#...(...# #o#
#.......# #o#
#.....### o..
#...(.# ..... .o.
....g.. #....$...
#.......##
#..)....#


You could see an orc wizard, 3 orcs and a hobgoblin.

Vanquished Creatures
  Terence (D:2)
  5 adders
  A giant mite (D:1)
  2 worms (D:2)
  2 orcs (D:3)
  3 ball pythons (D:1)
  3 bats
  5 giant cockroaches
  5 goblins
  3 hobgoblins
  10 jackals (D:2)
  6 kobolds
  5 giant newts
  3 quokkas
  8 rats
62 creatures vanquished.

Notes
Turn   | Place    | Note
--------------------------------------------------------------
     0 | D:1      | eagla, the Ogre Berserker, began the quest for the Orb.
     0 | D:1      | Reached XP level 1. HP: 24/24 MP: 1/1
   357 | D:1      | Reached XP level 2. HP: 20/32 MP: 2/2
   656 | D:1      | Reached skill level 1 in Throwing
   828 | D:1      | Reached XP level 3. HP: 35/40 MP: 3/3
  1358 | D:2      | Noticed Terence
  1369 | D:2      | Killed Terence
  1610 | D:2      | Reached XP level 4. HP: 35/49 MP: 4/4
  1802 | D:2      | Acquired Trog's second power
  2160 | D:2      | Found a snail-covered altar of Cheibriados.
  2465 | D:3      | Reached XP level 5. HP: 38/55 MP: 5/5
  3003 | D:3      | Slain by an orc wizard

Action                   |  1- 3 |  4- 6 || total
-------------------------+-------+-------++-------
Melee: Mace              |    58 |       ||    58
       Dagger            |    50 |    14 ||    64
       Falchion          |       |   142 ||   142
Throw: Stone             |   124 |    41 ||   165
  Use: Scroll            |       |     2 ||     2
  Eat: Royal jelly       |     1 |       ||     1
       Meat ration       |       |     1 ||     1
